Map: King Sejong Station LE

Players

Alien

  • Race: Terran Terran
  • League: Silver
  • Spawn Location: 11:00

Fropez - Winner!

  • Race: Protoss Protoss
  • League: Gold
  • Spawn Location: 5:00

VOD

Have the link to the VOD?

Description

Time

  • Played on: Oct. 7, 2016, 10:33 a.m.
  • Length: 12:19
Show
View Real Time Build Order
Export as new Build Order

Alien Terran 

Build Orders: MMM Bio 

Get SALT Encoding   

  12  0:00  SCV  
  13  0:12  SCV  
  14  0:20  Supply Depot  
  14  0:25  SCV  
  15  0:41  SCV  
  15  0:42  Barracks  
  16  0:49  Refinery  
  16  0:53  SCV  
  17  1:04  Barracks  
  17  1:05  SCV  
  18  1:17  SCV  
  19  1:30  SCV  
  20  1:45  Barracks Reactor  
  20  1:49  Refinery  
  20  1:53  Barracks  
  20  1:57  Orbital Command, Barracks  
  20  2:14  Supply Depot  
  20  2:15  Supply Depot  
  20  2:20  Barracks Tech Lab  
  20  2:24  Marine  
  20  2:26  Marine  
  22  2:32  SCV  
  23  2:38  Marine  
  23  2:42  Marine  
  25  2:48  Combat Shields  
  25  2:49  Marine  
  25  2:50  Marine  
  27  2:57  Marine  
  27  2:58  Marine  
  29  3:00  Marine  
  29  3:02  SCV  
  31  3:07  Marine  
  31  3:09  Marine  
  33  3:14  SCV  
  33  3:15  Marine  
  33  3:16  Marine  
  33  3:18  Marine  
  37  3:25  Marine  
  37  3:26  Marine  
  39  3:39  Supply Depot  
  39  4:01  Marine x4, SCV  
  44  4:07  Stimpack  
  34  4:35  Marine x5  
  35  4:53  Marine x5  
  38  5:03  SCV  
  39  5:10  Marine  
  39  5:11  Marine x4  
  42  5:15  SCV  
  43  5:28  Marine, SCV  
  44  5:29  Marine x2  
  44  5:30  Command Center  
  44  5:35  Factory  
  47  5:42  Supply Depot  
  47  5:50  Barracks Tech Lab x2  
  50  6:04  SCV, Marauder  
  50  6:16  SCV  
  48  6:45  Marine  
  48  6:46  Marine x4  
  52  6:59  Orbital Command  
  43  7:03  Marine, Hellion  
  43  7:04  Marine x4  
  43  7:21  Marine x2  
  43  7:22  Marine x3  
  48  7:24  Hellion  
  50  7:30  SCV x2  
  52  7:39  Marine, Starport  
  52  7:42  SCV x2  
  53  7:46  Hellion  
  55  7:54  SCV x2  
  57  8:01  Refinery  
  57  8:02  Refinery  
  57  8:06  SCV  
  57  8:07  SCV, Marauder x3, Hellion  
  57  8:10  Marine x2  
  69  8:18  SCV  
  70  8:25  Supply Depot  
  70  8:26  Supply Depot  
  70  8:29  Supply Depot  
  70  8:46  Marine x2, SCV, Medivac  
  70  8:47  Marauder x2  
  70  8:48  SCV, Marauder  
  81  8:57  Supply Depot  
  81  8:58  SCV  
  82  9:04  Marine x2  
  82  9:08  Marauder x2  
  82  9:09  Marauder  
  90  9:16  Medivac  
  92  9:20  Supply Depot  
  92  9:26  Supply Depot  
  92  9:34  Command Center  
  91  9:51  Medivac  
  93  10:08  Marine, Marauder x2  
  93  10:09  Marine x2  
  89  10:21  Medivac  
  79  10:24  SCV  
  79  10:25  SCV  
  79  10:26  Marine  
  79  10:27  Marine x2  
  80  10:29  Marauder x2  
  84  10:36  SCV  
  84  10:37  SCV  
  86  10:44  Marine  
  86  10:45  Marine x2  
  86  10:49  SCV x2  
  91  10:50  Marine, Marauder  
  94  11:01  SCV  
  94  11:02  Marine x3  
  98  11:08  Marine  
Show
View Real Time Build Order
Export as new Build Order

Fropez Protoss - Winner!

Build Orders:  

Get SALT Encoding   

  12  0:02  Probe (Chrono Boost)  
  13  0:13  Probe (Chrono Boost)  
  14  0:20  Pylon  
  14  0:23  Probe (Chrono Boost)  
  15  0:36  Assimilator  
  15  0:38  Probe (Chrono Boost)  
  16  0:45  Gateway  
  16  0:49  Probe (Chrono Boost)  
  17  0:52  Assimilator  
  17  1:00  Probe (Chrono Boost)  
  18  1:09  Pylon  
  18  1:10  Probe (Chrono Boost)  
  19  1:21  Probe (Chrono Boost)  
  20  1:37  Probe (Chrono Boost)  
  21  1:48  Probe (Chrono Boost), Assimilator  
  22  1:57  Nexus  
  22  1:59  Cybernetics Core  
  22  2:00  Probe (Chrono Boost)  
  23  2:06  Assimilator  
  23  2:11  Probe (Chrono Boost)  
  24  2:21  Pylon  
  24  2:23  Pylon  
  24  2:34  Pylon  
  26  2:37  Mothership Core (Chrono Boost)  
  26  2:38  Warp Gate (Chrono Boost)  
  26  2:58  Pylon  
  26  3:04  Probe (Chrono Boost)  
  26  3:17  Gateway x2  
  26  3:26  Twilight Council, Probe  
  27  3:28  Probe  
  27  3:29  Pylon  
  28  3:38  Adept  
  28  3:40  Probe  
  31  3:45  Probe  
  32  3:53  Probe, Gateway  
  33  4:01  Pylon  
  33  4:02  Pylon  
  33  4:07  Adept  
  34  4:14  Pylon  
  32  4:27  Adept  
  34  4:34  Adept  
  34  4:51  Probe  
  30  5:13  Pylon  
  30  5:15  Pylon, Probe  
  30  5:16  Probe  
  34  5:24  Resonating Glaives (Chrono Boost)  
  32  5:30  Gateway  
  32  5:34  Gateway  
  32  5:36  Gateway  
  32  5:37  Adept  
  32  5:39  Gateway  
  32  5:40  Adept  
  36  5:49  Probe, Gateway  
  37  5:55  Probe  
  38  5:59  Adept  
  40  6:09  Stalker  
  42  6:14  Mothership Core  
  38  6:25  Adept  
  31  6:40  Pylon  
  31  6:42  Adept x2  
  31  6:43  Adept x2  
  29  6:59  Adept x2  
  25  7:04  Adept  
  25  7:05  Probe  
  25  7:06  Probe  
  27  7:41  Adept x4  
  35  7:51  Probe  
  36  7:55  Pylon, Probe  
  38  8:06  Probe  
  39  8:14  Mothership Core  
  39  8:16  Probe  
  41  8:20  Pylon  
  41  8:27  Probe  
  41  8:31  Dark Shrine  
  42  8:57  Adept x3  
  42  8:58  Adept x3  
  54  9:03  Probe  
  55  9:16  Pylon  
  55  9:18  Pylon  
  52  9:32  Adept  
  52  9:33  Adept x3  
  56  10:18  Dark Templar x3  
  56  10:19  Dark Templar x3  
  48  10:29  Assimilator  
  48  10:33  Assimilator  
  48  11:06  Dark Templar x2  
  48  11:07  Dark Templar x2  
  56  11:12  Probe  
  56  11:13  Probe  
  46  11:26  Dark Templar  
  43  11:41  Dark Templar  
  39  11:59  Dark Templar  
  41  12:15  Stalker x3  
Tags
 
Composition
MMM Bio
Matchup
PvT
Replay Pack
All Mines
Spawn Locations
Cross Positions
Add a new tag
Caveats
  • Supply blocks, unpowered buildings, or Contaminate may cause inaccurate times.
  • Supply counts are checked every 10 seconds.